Map: [ESL] Inside and Out

Players

Control

  • Race: Terran Terran
  • Spawn Location: 7:00

Aristori - Winner!

  • Race: Zerg Zerg
  • Spawn Location: 1:00

Event: DreamHack SC2 Masters 2022 Valencia

VOD

Have the link to the VOD?

Description

Time

  • Played on: July 1, 2022, 5:50 a.m.
  • Length: 19:34

All games in this series

Show
View Real Time Build Order
Export as new Build Order

Control Terran 

Build Orders:  

Get SALT Encoding   

  12  0:00  SCV  
  13  0:12  SCV  
  14  0:18  Supply Depot  
  14  0:26  SCV  
  16  0:49  Barracks  
  15  0:54  Barracks  
  15  0:56  SCV  
  16  1:08  SCV  
  17  1:20  SCV  
  17  1:22  Refinery  
  18  1:32  SCV  
  18  1:36  Marine  
  20  1:42  Marine  
  20  1:43  Supply Depot  
  20  1:45  Orbital Command  
  21  1:54  Marine  
  22  2:02  Marine  
  22  2:04  Bunker  
  22  2:06  Bunker  
  23  2:11  SCV  
  23  2:12  Marine  
  24  2:27  Marine  
  24  2:29  SCV  
  24  2:30  Marine  
  25  2:38  Factory  
  25  2:41  SCV  
  26  2:45  Marine  
  26  2:48  Marine  
  28  2:52  Supply Depot  
  28  2:53  SCV  
  29  3:05  SCV  
  30  3:15  Command Center  
  30  3:17  SCV  
  31  3:22  Refinery  
  31  3:26  Starport  
  31  3:27  Factory Reactor  
  31  3:29  SCV  
  32  3:41  SCV  
  33  3:53  SCV  
  34  4:00  Command Center  
  34  4:06  SCV  
  34  4:07  Hellion  
  34  4:09  Hellion  
  39  4:27  Orbital Command, SCV, Medivac  
  39  4:28  Supply Depot  
  42  4:34  Hellion  
  42  4:36  Hellion  
  46  4:39  Barracks Tech Lab  
  46  4:41  SCV  
  46  4:44  Orbital Command  
  47  4:53  SCV  
  48  5:02  Liberator  
  48  5:05  SCV  
  52  5:10  SCV  
  52  5:14  Orbital Command  
  53  5:16  Stimpack  
  53  5:17  SCV  
  54  5:22  SCV  
  55  5:29  Barracks, SCV  
  55  5:31  Barracks  
  55  5:33  Factory Reactor  
  55  5:34  SCV  
  57  5:37  Marine  
  57  5:39  SCV  
  57  5:41  SCV  
  60  5:45  Supply Depot  
  60  5:46  SCV  
  60  5:47  Starport Reactor  
  61  5:51  SCV  
  61  5:53  SCV  
  61  5:55  Marine  
  64  5:58  SCV  
  64  6:03  SCV  
  66  6:05  SCV  
  66  6:10  SCV  
  68  6:13  Marine  
  68  6:15  Engineering Bay, SCV  
  68  6:16  Engineering Bay  
  68  6:17  Marine x2  
  68  6:18  SCV  
  73  6:22  SCV  
  73  6:25  Factory Reactor  
  75  6:27  SCV  
  75  6:30  SCV, Marine  
  67  6:35  SCV, Marine  
  67  6:39  Refinery, SCV, Supply Depot  
  70  6:40  Marine  
  70  6:41  Supply Depot x2  
  70  6:42  Refinery, SCV  
  70  6:44  Marine  
  70  6:45  Medivac x2  
  78  6:47  SCV, Marine  
  78  6:48  Orbital Command  
  78  6:50  Terran Infantry Weapons Level 1  
  78  6:53  Terran Infantry Armor Level 1  
  78  6:54  SCV, Marine  
  77  6:59  SCV  
  79  7:04  Marine  
  79  7:05  Widow Mine x2  
  79  7:06  SCV  
  79  7:07  Marine  
  86  7:11  SCV  
  86  7:14  SCV  
  88  7:18  SCV, Supply Depot  
  88  7:20  Marine  
  88  7:22  Barracks  
  90  7:23  SCV  
  90  7:24  Barracks  
  90  7:26  SCV, Supply Depot  
  90  7:28  Supply Depot  
  90  7:29  Marine x2  
  93  7:30  SCV  
  93  7:31  Marine  
  93  7:35  SCV  
  97  7:38  SCV  
  97  7:39  Widow Mine  
  97  7:40  Widow Mine  
  97  7:42  SCV  
  102  7:45  Marine  
  102  7:47  SCV  
  102  7:50  SCV, Marine  
  106  7:51  Medivac  
  106  7:52  Medivac  
  106  7:54  SCV  
  106  7:58  Marine x3  
  112  7:59  SCV  
  112  8:03  SCV, Armory  
  116  8:06  SCV  
  116  8:09  Supply Depot, Marine x2  
  116  8:10  Widow Mine  
  116  8:11  SCV  
  122  8:15  Refinery, SCV, Supply Depot x2  
  122  8:18  Widow Mine  
  122  8:19  SCV  
  126  8:20  Barracks Reactor x2  
  126  8:22  Supply Depot, Marine  
  126  8:23  Factory, SCV, Marine  
  126  8:24  Medivac x2  
  126  8:25  Supply Depot  
  133  8:30  Marine x2  
  133  8:31  SCV x2, Marine  
  138  8:40  Marine  
  138  8:41  SCV, Marine  
  129  8:43  SCV x2  
  129  8:46  Widow Mine  
  131  8:48  Marine x2  
  131  8:49  Marine  
  131  8:52  Widow Mine  
  131  8:53  SCV  
  131  8:55  SCV  
  138  8:57  Marine  
  138  8:58  Marine x2, Medivac x2  
  138  8:59  SCV  
  138  9:01  Marine  
  147  9:02  Terran Infantry Weapons Level 2  
  147  9:03  Terran Infantry Armor Level 2  
  147  9:05  SCV  
  147  9:06  Marine x2  
  147  9:07  SCV  
  151  9:13  SCV  
  148  9:17  Marine x3  
  148  9:20  Marine  
  148  9:21  Factory Tech Lab, Marine, Widow Mine x2  
  148  9:22  SCV  
  158  9:25  Marine x3  
  158  9:26  Marine  
  153  9:35  Marine x3  
  153  9:38  Marine x2  
  153  9:43  Marine x4  
  153  9:44  Widow Mine x3  
  158  9:49  Refinery  
  156  9:53  Marine x2, Sensor Tower  
  156  9:54  Marine  
  156  9:56  Marine  
  156  9:57  Marine  
  156  9:59  Drilling Claws  
  154  10:04  Command Center  
  154  10:05  Siege Tank, Marine  
  154  10:07  Marine  
  158  10:13  Marine x2  
  156  10:14  Medivac x2, Widow Mine x2  
  156  10:20  Marine  
  156  10:23  Marine x2  
  156  10:24  Marine x2  
  156  10:26  Marine x2  
  158  10:31  Marine x2  
  154  10:37  SCV, Marine  
  154  10:38  SCV  
  154  10:41  Marine x2  
  159  10:45  Siege Tank  
  159  10:46  Marine  
  159  10:48  Marine  
  164  10:50  Marine  
  164  10:52  Marine x2  
  164  10:53  Widow Mine x2  
  164  10:54  Terran Vehicle Weapons Level 1  
  164  10:56  Marine  
  172  11:00  Marine  
  173  11:08  Supply Depot  
  173  11:11  Supply Depot  
  173  11:15  Marine x2  
  169  11:19  Marine  
  169  11:22  Marine x4  
  169  11:23  Marine  
  171  11:26  Siege Tank, Widow Mine  
  171  11:27  Widow Mine  
  171  11:30  Marine  
  174  11:32  Marine  
  174  11:33  Marine  
  174  11:38  Barracks, Marine  
  174  11:39  Barracks  
  177  11:41  Barracks, Marine x2  
  177  11:42  Marine  
  177  11:46  Marine  
  181  11:48  Terran Infantry Weapons Level 3  
  181  11:49  Ghost Academy  
  181  11:51  Marine  
  181  11:52  Marine x3  
  185  11:56  Marine  
  185  11:59  Reaper, Siege Tank  
  190  12:05  Terran Infantry Armor Level 3  
  187  12:12  Marine  
  187  12:13  Marine x2  
  187  12:14  Marine  
  187  12:15  Marine  
  177  12:17  Marine x2  
  177  12:19  Marine  
  163  12:30  Marine x2  
  163  12:31  Siege Tank, Marine x2, Widow Mine x2  
  163  12:32  Marine  
  161  12:40  Marine x2  
  161  12:42  Marine x2  
  161  12:48  Marine x2  
  161  12:49  Marine x2  
  161  12:50  Marine  
  166  12:55  Barracks Tech Lab x3  
  166  12:56  Enhanced Shockwaves  
  166  12:58  Marine x2, Planetary Fortress  
  166  13:00  Marine x2  
  166  13:02  Terran Vehicle Weapons Level 2  
  170  13:06  Marine x2  
  170  13:07  Marine  
  170  13:08  Marine x2  
  175  13:16  Marine  
  175  13:17  Ghost  
  176  13:22  Marine, Marauder  
  176  13:23  Marine, Marauder  
  176  13:26  Marine  
  183  13:29  Siege Tank, Widow Mine x2  
  183  13:33  Ghost, Marine  
  183  13:34  Marine  
  186  13:37  Marine  
  183  13:41  Marine x3  
  183  13:42  Marine  
  183  13:43  Ghost  
  183  13:44  Ghost  
  183  13:46  Ghost  
  170  13:48  SCV  
  170  13:52  SCV x2, Marine  
  170  13:54  Widow Mine  
  157  13:58  Marine  
  157  13:59  SCV, Marine  
  157  14:02  Marauder  
  153  14:04  Marine  
  153  14:05  SCV  
  153  14:08  SCV x2  
  157  14:11  Ghost  
  157  14:12  Marine  
  157  14:14  Marine  
  157  14:15  Marauder  
  163  14:23  Ghost  
  135  14:24  SCV  
  135  14:26  Marine  
  135  14:30  Barracks Tech Lab  
  135  14:31  SCV  
  138  14:32  SCV  
  138  14:36  Ghost, Siege Tank  
  144  14:39  Marine  
  144  14:40  Ghost  
  144  14:43  Liberator  
  150  14:49  Liberator  
  150  14:50  Marine  
  150  14:51  Ghost  
  156  14:55  Marine  
  155  15:05  Marine  
  155  15:06  Marauder  
  158  15:13  Marauder  
  160  15:15  Siege Tank, Widow Mine  
  160  15:18  Marine  
  160  15:19  Ghost, Marine x2  
  170  15:24  Marine, Marauder  
  170  15:26  Marine  
  170  15:27  Marauder  
  163  15:31  Marine  
  163  15:32  SCV  
  163  15:34  SCV x2  
  163  15:35  SCV  
  163  15:44  SCV  
  163  15:46  SCV x2  
  155  15:51  Marine  
  155  15:52  Marine, Marauder  
  155  15:54  SCV  
  155  15:56  SCV  
  148  16:03  Marine  
  147  16:09  Medivac  
  149  16:23  Marine  
  150  16:30  Command Center  
  148  16:33  Ghost, Marine  
  151  16:40  Marine x3, Marauder  
  151  16:41  Marauder  
  151  16:43  Command Center  
  151  16:45  Marine  
  143  16:49  Marine  
  143  16:53  Marine  
  142  16:57  Marine  
  111  17:17  SCV x2  
  111  17:19  SCV  
  114  17:26  Marine  
  116  17:40  Marine  
  114  17:51  Marine  
  114  17:52  Marine x3  
  118  18:05  Marine  
  105  18:07  Marine  
  105  18:08  Marine  
  106  18:17  Marine  
  99  18:29  Marine x2  
  67  18:59  Marine x2  
Show
View Real Time Build Order
Export as new Build Order

Aristori Zerg - Winner!

Build Orders: Hatch First 

Get SALT Encoding   

  12  0:00  Drone  
  13  0:12  Overlord  
  13  0:16  Drone  
  14  0:31  Drone x2  
  16  0:50  Hatchery  
  16  0:53  Drone  
  16  0:54  Drone  
  17  0:58  Drone  
  18  1:08  Extractor  
  17  1:13  Spawning Pool  
  17  1:17  Drone  
  17  1:20  Drone  
  18  2:01  Zergling x2  
  18  2:02  Queen x2, Zergling x4  
  18  2:03  Zergling x2  
  23  2:30  Zergling x8  
  27  2:38  Overlord  
  27  2:48  Overlord  
  27  2:58  Overlord  
  27  3:01  Queen  
  29  3:09  Queen  
  29  3:10  Drone x2  
  33  3:19  Drone x2  
  35  3:23  Drone  
  36  3:29  Drone  
  36  3:30  Drone  
  38  3:38  Drone  
  38  3:39  Drone  
  40  3:48  Metabolic Boost  
  40  3:59  Hatchery  
  39  4:08  Overlord, Drone x2  
  39  4:09  Drone  
  42  4:21  Overlord  
  42  4:22  Drone x2  
  44  4:29  Drone  
  44  4:30  Drone x4  
  49  4:39  Overlord x2  
  49  4:43  Drone x3  
  52  4:49  Overlord  
  52  4:58  Baneling Nest, Drone x4  
  55  5:06  Queen  
  57  5:09  Drone x4  
  57  5:14  Queen  
  63  5:22  Drone x4  
  68  5:28  Drone x4  
  68  5:31  Lair  
  70  5:38  Overlord  
  70  5:41  Drone  
  70  5:42  Drone x4  
  70  6:03  Drone x4  
  71  6:11  Drone  
  71  6:12  Drone x9  
  71  6:14  Queen x2  
  83  6:31  Drone  
  83  6:32  Drone x7  
  90  6:34  Extractor x2  
  90  6:37  Centrifugal Hooks  
  88  6:44  Extractor  
  88  6:45  Hatchery  
  88  6:46  Extractor  
  85  6:50  Queen  
  87  6:56  Evolution Chamber x2, Overlord x2  
  87  6:57  Drone x4  
  89  7:14  Zergling x10  
  89  7:15  Zergling x16  
  102  7:18  Baneling x6  
  102  7:21  Zergling x2  
  102  7:22  Zergling x6  
  106  7:26  Zerg Melee Weapons Level 1  
  106  7:33  Zergling x6  
  109  7:40  Zerg Ground Armor Level 1  
  109  7:42  Drone  
  110  7:47  Drone  
  110  7:48  Drone x3  
  110  7:50  Overlord x2  
  113  7:52  Overlord x2  
  113  7:53  Overlord  
  113  8:06  Overlord x2  
  113  8:07  Zergling x10  
  113  8:08  Zergling x2  
  113  8:11  Baneling x10  
  119  8:13  Zergling x12  
  119  8:14  Zergling x2  
  119  8:18  Hydralisk Den  
  119  8:19  Overseer  
  125  8:22  Drone x3  
  125  8:25  Overlord  
  127  8:38  Hatchery  
  127  8:39  Zergling x8  
  127  8:40  Zergling x10  
  131  8:47  Zergling x10  
  136  8:55  Baneling x8  
  136  9:05  Baneling x8  
  136  9:09  Drone x6  
  137  9:11  Spore Crawler  
  137  9:12  Spore Crawler x2, Drone  
  137  9:13  Drone x10  
  140  9:17  Zergling x6  
  140  9:22  Spore Crawler  
  141  9:25  Drone x4  
  141  9:28  Spore Crawler, Zerg Melee Weapons Level 2  
  141  9:31  Spore Crawler  
  138  9:37  Drone x2  
  138  9:38  Drone x5  
  139  9:42  Hydralisk x5  
  126  9:53  Zergling x2  
  126  9:54  Zergling x16  
  126  9:58  Zerg Ground Armor Level 2  
  134  10:07  Overseer  
  134  10:13  Zergling x26  
  138  10:17  Overlord  
  138  10:19  Zergling x4  
  138  10:20  Zergling x4  
  138  10:25  Zergling x2  
  124  10:32  Drone x8  
  122  10:41  Spore Crawler  
  119  10:44  Zergling x14  
  126  10:53  Drone x3  
  126  10:54  Pneumatized Carapace  
  126  10:55  Infestation Pit  
  128  11:00  Zergling x12  
  128  11:01  Baneling  
  128  11:02  Baneling x11  
  134  11:04  Baneling x10  
  131  11:19  Zergling x22  
  139  11:25  Zergling x2  
  139  11:26  Zergling x12  
  141  11:32  Drone  
  141  11:33  Drone x4  
  141  11:34  Hydralisk  
  141  11:35  Hydralisk x4  
  155  11:42  Hive  
  155  11:45  Lurker Den  
  154  11:49  Zergling x18  
  154  11:51  Baneling x7  
  163  12:02  Zergling x2  
  163  12:03  Zergling x24  
  171  12:12  Zergling x14  
  171  12:13  Zergling x2  
  171  12:14  Baneling x7  
  171  12:15  Baneling x4  
  167  12:21  Muscular Augments  
  167  12:22  Hydralisk  
  167  12:23  Hydralisk x3  
  163  12:30  Zergling x14  
  163  12:31  Zergling x12  
  169  12:42  Zergling x14  
  173  12:45  Baneling x7  
  173  12:50  Zergling x14  
  180  12:52  Overlord  
  180  12:56  Seismic Spines  
  180  13:00  Extractor  
  180  13:01  Extractor  
  180  13:02  Extractor x2  
  180  13:03  Drone x2  
  180  13:04  Drone  
  175  13:07  Zergling x12  
  175  13:08  Zergling x4  
  183  13:13  Overlord  
  183  13:18  Overseer  
  183  13:22  Lurker x3  
  183  13:23  Zergling x2  
  183  13:24  Zergling x24  
  195  13:38  Zergling x20  
  177  13:51  Zergling x6  
  177  13:52  Zergling x14  
  175  14:01  Zergling x20  
  174  14:04  Queen x3  
  174  14:07  Overlord, Hatchery  
  176  14:23  Drone x7  
  157  14:28  Hydralisk x7  
  171  14:33  Baneling x10  
  171  14:34  Zergling x18  
  171  14:37  Queen  
  182  14:43  Spore Crawler  
  182  14:44  Extractor, Baneling  
  182  14:45  Baneling x4, Zergling x2  
  180  14:46  Zergling x20  
  186  15:06  Zergling x18  
  192  15:12  Baneling  
  192  15:13  Baneling x15  
  186  15:14  Zergling x6  
  186  15:15  Zergling x14  
  186  15:17  Lurker  
  186  15:18  Lurker  
  186  15:21  Adaptive Talons  
  162  15:45  Zergling x42  
  173  15:53  Zerg Ground Armor Level 3, Zerg Melee Weapons Level 3  
  173  15:55  Zergling x8  
  163  16:05  Hydralisk x5  
  173  16:15  Baneling x10  
  173  16:20  Zergling x4  
  173  16:21  Zergling x6  
  173  16:23  Baneling  
  173  16:24  Baneling x4  
  178  16:26  Drone x2  
  160  16:42  Zergling x20  
  160  16:43  Zergling x10  
  160  16:45  Baneling  
  160  16:46  Baneling x3  
  153  16:49  Hatchery  
  147  16:57  Lurker x2  
  147  16:58  Lurker x3  
  147  17:00  Zergling x10  
  153  17:07  Overlord  
  145  17:16  Drone  
  145  17:17  Drone x9  
  153  17:24  Overlord  
  149  17:41  Drone x3  
  149  17:42  Drone x6  
  145  18:05  Zergling x6  
  145  18:06  Zergling x24  
  145  18:08  Hatchery  
  141  18:22  Zergling x6  
  141  18:23  Zergling x14  
  135  18:42  Zergling x2  
  135  18:43  Zergling x22  
  135  18:45  Baneling x2  
  139  18:50  Baneling x6  
  139  18:51  Baneling  
  139  18:52  Baneling  
  139  18:53  Baneling  
  139  18:54  Baneling  
  139  18:58  Baneling x2  
  139  18:59  Baneling x2  
  134  19:06  Baneling x5  
  134  19:07  Baneling  
  134  19:08  Baneling  

Tags
 
Add a new tag
Caveats
  • Supply blocks, unpowered buildings, or Contaminate may cause inaccurate times.
  • Supply counts are checked every 10 seconds.